 Dungeon Crawl Stone Soup version 0.26-a0-712-ga5a9c9c9d0 (webtiles) character file.

Game seed: 10946287899308919264

70123 Arthanis the Severer (level 15, -4/151 HPs)
             Began as a Gargoyle Berserker on Nov 6, 2020.
             Was the Champion of Trog.
             Slain by an orc knight
             ... wielding a +0 glaive
              (25 damage)
             ... on level 2 of the Orcish Mines.
             The game lasted 00:30:17 (16942 turns).

Arthanis the Severer (Gargoyle Berserker)          Turns: 16942, Time: 00:30:18

Health: -4/151     AC: 29    Str: 28    XL:     15   Next: 32%
Magic:  15/15      EV: 13    Int: 13    God:    Trog [******]
Gold:   1948       SH:  0    Dex:  9    Spells: 14/14 levels left

rFire    . . .     SeeInvis .   a - +2 broad axe (vamp)
rCold    . . .     Faith    .   (no shield)
rNeg     + . .     Spirit   .   J - +1 plate armour {rPois}
rPois    ∞         Reflect  .   Z - +1 hat {MR+}
rElec    +         Harm     .   A - scarf {repulsion}
rCorr    .         Rampage  .   C - +0 pair of gloves
MR       ++++.                  (no boots)
Stlth    ..........             x - amulet of regeneration
HPRegen  1.75/turn              q - +4 ring of evasion
MPRegen  0.14/turn              H - +6 ring of strength

@: berserking, flying, regenerating, repel missiles, very quick
A: big wings, negative energy resistance 1, electricity resistance, unbreathing,
petrification resistance, rot immunity, AC +11
a: Stop Flying, Berserk, Trog's Hand, Brothers in Arms, Renounce Religion


You were on level 2 of the Orcish Mines.
You worshipped Trog.
Trog was exalted by your worship.
You visited 3 branches of the dungeon, and saw 21 of its levels.
You also visited: Gauntlet and Ice Cave.

You collected 1948 gold pieces.

Inventory:

Hand Weapons
 a - a +2 vampiric broad axe (weapon)
 b - a +6 battleaxe of flaming
 k - a +3 executioner's axe
 U - a +5 antimagic battleaxe
Missiles
 r - 5 throwing nets (quivered)
Armour
 A - a scarf of repulsion (worn)
 C - a +0 pair of gloves (worn)
 J - a +1 plate armour of poison resistance (worn)
 Q - the +1 chain mail of Queps {rC+ rN+ Str+2 Stlth+}
   (You found it in an ice cave)

   It affects your strength (+2).
   It protects you from cold.
   It protects you from negative energy.
   It makes you more stealthy.
 V - a +2 cloak of preservation
 Y - a +0 kite shield
 Z - a +1 hat of magic resistance (worn)
Jewellery
 q - a +4 ring of evasion (left hand)
 t - an uncursed amulet of guardian spirit
 x - an amulet of regeneration (around neck)
 D - an uncursed ring of see invisible
 F - an uncursed ring of protection from cold
 H - a +6 ring of strength (right hand)
Wands
 e - a wand of acid (7)
 n - a wand of disintegration (59)
 y - a wand of iceblast (5)
 B - a wand of polymorph (26)
 K - a wand of enslavement (8)
 L - a wand of digging (10)
 P - a wand of random effects (62)
Scrolls
 c - 13 scrolls of remove curse
 g - a scroll of vulnerability
 h - 5 scrolls of magic mapping
 i - 3 scrolls of blinking
 m - 15 scrolls of teleportation
 o - 6 scrolls of enchant armour
 s - 3 scrolls of immolation
 I - a scroll of summoning
 M - a scroll of silence
 O - a scroll of fog
 S - a scroll of enchant weapon
Potions
 d - 3 potions of lignification
 f - 12 potions of curing
 j - 5 potions of flight
 l - 2 potions of haste
 p - 4 potions of might
 u - 3 potions of mutation {unknown}
 v - 6 potions of ambrosia
 w - 3 potions of stabbing {unknown}
 z - 3 potions of heal wounds {unknown}
 N - a potion of magic {unknown}
 R - a potion of berserk rage {unknown}
 T - a potion of cancellation {unknown}
 W - a potion of brilliance {unknown}
Miscellaneous
 E - a box of beasts (3/3)


   Skills:
 + Level 14.7 Fighting
 * Level 16.9 Axes
 - Level 10.0 Armour
 - Level 4.0 Dodging
 - Level 4.0 Shields
 + Level 6.8 Evocations


You had 14 spell levels left.
You didn't know any spells.
Your spell library contained the following spells:

 Spells                   Type           Power        Failure   Level
 Animate Skeleton         Necr           #.....       94%         1
 Apportation              Tloc           #.....       94%         1
 Beastly Appendage        Tmut           #.....       94%         1
 Corona                   Hex            #......      94%         1
 Magic Dart               Conj           #...         94%         1
 Shock                    Conj/Air       #...         94%         1
 Sting                    Tmut/Pois      #...         94%         1
 Summon Small Mammal      Summ           #...         94%         1
 Blink                    Tloc           N/A          98%         2
 Call Imp                 Summ           #.......     98%         2
 Passwall                 Tmut/Erth      #.......     98%         2
 Poisonous Vapours        Pois/Air       #.....       98%         2
 Searing Ray              Conj           #.....       98%         2
 Slow                     Hex            #.......     98%         2
 Swiftness                Air            #.......     98%         2
 Conjure Flame            Conj/Fire      #.......     100%        3
 Dazzling Flash           Conj/Hex       #.....       100%        3
 Gell's Gravitas          Tloc           #.........   100%        3
 Lesser Beckoning         Tloc           #.........   100%        3
 Mephitic Cloud           Conj/Pois/Air  #.......     100%        3
 Static Discharge         Conj/Air       #.......     100%        3
 Teleport Other           Tloc           #.......     100%        3
 Airstrike                Air            #.........   100%        4
 Fulminant Prism          Conj/Hex       #.........   100%        4
 Hailstorm                Conj/Ice       #.......     100%        4
 Iskenderun's Mystic Bla  Conj/Tloc      #.......     100%        4
 Passage of Golubria      Tloc           N/A          100%        4
 Summon Ice Beast         Ice/Summ       #.......     100%        4
 Lee's Rapid Deconstruct  Erth           #.........   100%        5
 Lightning Bolt           Conj/Air       #.........   100%        5
 Yara's Violent Unravell  Hex/Tmut       #.........   100%        5
 Freezing Cloud           Conj/Ice/Air   #.........   100%        6
 Statue Form              Tmut/Erth      Unusable     N/A         6

Dungeon Overview and Level Annotations

Branches:
Dungeon (13/15)            Temple (0/1) D:6            Lair (6/6) D:11
 Shoals (0/4) Lair:3       Spider (0/4) Lair:4        Slime (0/5) Lair:6
    Orc (2/2) D:9           IceCv (visited)         Gauntlet (visited)
    Elf: Orc:2       Vaults: D:13-14

Altars:
Ashenzari
Kikubaaqudgha
Qazlal
Sif Muna
Trog
Vehumet
Wu Jian
Xom
Yredelemnul
The Shining One
Beogh
Jiyva

Shops:
D:4 [   D:6 =   D:9 :   D:10 :

Annotations:
D:5 1 runed translucent door
D:12 exclusion: orange crystal statue


Innate Abilities, Weirdness & Mutations

You are resistant to torment.
Your stone body is resilient. (AC +11)
You are immune to poison.
Your large and strong wings let you fly indefinitely.
You resist negative energy. (rN+)
You are resistant to electric shocks. (rElec)
You can survive without breathing.
You are immune to petrification.
You are immune to rotting.


Message History

The orc warrior hits you but does no damage.
The orc wizard casts a spell.
The orc wizard blinks!
You barely miss the ogre.
The ogre is lightly wounded.
You barely miss the orc warrior. The orc warrior closely misses you.
The orc wizard gestures wildly while chanting.
The orc wizard seems to speed up.
The ogre closely misses you.
The orc high priest mumbles some strange prayers to Beogh against you.
Beogh smites you!
* * * LOW HITPOINT WARNING * * *
The orc sorcerer casts a spell.
You barely miss the ogre.
The ogre is lightly wounded.
You closely miss the orc warrior.
The orc priest calls down the wrath of Beogh upon you.
Beogh smites you!
* * * LOW HITPOINT WARNING * * *
The orc knight hits you from afar with a +0 glaive!!
You die... .. .## ##### . .##.##..## o. .........# o.. .##.##...# oo..

.####....######### ##oo...
...#.#.......))o.##oo..4o.
..............)o#)o#oo...
...............#@){o.o§...
................#Ooo{.....
##......#........oC.......
.#................o.......
..........................
.#........................
..##......................
.###.....................
# #......#.............


You could see 2 orc knights, an ettin, an orc high priest (strong), a rust devil
(summoned), 2 orc sorcerers, 3 orc warriors, an ogre, 2 orc priests, 4 orc
wizards and 4 orcs.

Vanquished Creatures
  Snorg (D:12)
  Josephine (D:11)
  A fire dragon (D:12)
  A slime creature (Gauntlet)
  7 hydras
  A boulder beetle (D:12)
  2 catoblepae
  A death knight (D:12)
  2 two-headed ogres
  7 death yaks
  A deep troll shaman (Lair:6)
  2 orc high priests (Orc:1)
  Nergalle (D:10)
  A hell knight (D:12)
  A fire crab (Lair:6)
  A phantasmal warrior (D:12)
  A lindwurm (Lair:2)
  2 necromancers (Gauntlet)
  2 orc sorcerers
  A manticore (Lair:3)
  2 ugly things (IceCv)
  An oklob plant (Lair:4)
  2 deep elf magi (D:12)
  2 cyclopes
  3 black mambas
  7 elephants (Lair:6)
  2 ice statues (IceCv)
  A torpor snail (Lair:6)
  11 cane toads
  3 gargoyles
  A kobold demonologist (D:8)
  3 rime drakes
  4 komodo dragons
  4 trolls
  3 polar bears
  3 meliai (Lair:5)
  A wind drake (Lair:3)
  A queen bee (Lair:5)
  9 blink frogs
  12 dream sheep
  6 shadows (Gauntlet)
  4 wyverns
  7 wraiths
  4 fire bats (D:11)
  60 yaks
  5 basilisks
  A vampire mosquito (D:12)
  3 swamp worms (Gauntlet)
  7 wargs
  5 soldier ants (D:5)
  14 water moccasins
  An acid dragon (D:12)
  A hell hound (D:11)
  19 orc warriors
  6 ice beasts (IceCv)
  2 sky beasts
  2 necrophages
  2 phantoms
  3 black bears
  4 ogres
  23 wolves
  8 centaurs
  21 bullfrogs
  A gnoll sergeant (D:8)
  A wyvern zombie (D:8)
  2 scorpions
  24 killer bees
  13 wights
  2 lava snakes (D:11)
  6 hounds
  3 bullfrog zombies
  A gnoll shaman (D:7)
  5 jellies
  11 orc priests
  33 orc wizards
  3 bullfrog skeletons
  2 centaur skeletons
  4 iguanas
  Terence (D:3)
  11 worker ants
  A hound zombie (D:9)
  14 adders
  10 gnolls
  3 shadow imps
  13 white imps
  2 oozes
  2 ufetubi
  2 worms
  2 dart slugs (D:4)
  6 leopard geckos
  87 orcs
  5 bats
  10 giant cockroaches
  6 goblins
  10 hobgoblins
  20 jackals
  5 quokkas
  13 frilled lizards
  A giant cockroach zombie (D:6)
  12 kobolds
  A quokka skeleton (D:4)
  2 quokka zombies
  9 rats
  A bush (D:7)
680 creatures vanquished.

Vanquished Creatures (collateral kills)
  A minotaur (Gauntlet)
1 creature vanquished.

Vanquished Creatures (others)
  2 fire vortices (D:11)
  8 fungi
  13 plants
23 creatures vanquished.

Grand Total: 704 creatures vanquished

Notes
Turn   | Place    | Note
-------+----------+-------------------------------------------
     0 | D:1      | Arthanis the Gargoyle Berserker began the quest for the
                  | Orb.
     0 | D:1      | Reached XP level 1. HP: 14/14 MP: 1/1
    94 | D:1      | Reached XP level 2. HP: 18/19 MP: 2/2
   185 | D:1      | Reached skill level 3 in Axes
   586 | D:1      | Reached XP level 3. HP: 23/23 MP: 3/3
   800 | D:2      | Reached ** piety under Trog
  1210 | D:2      | Reached XP level 4. HP: 20/29 MP: 4/4
  2055 | D:3      | Noticed Terence
  2067 | D:3      | Killed Terence
  2067 | D:3      | Reached skill level 4 in Axes
  2067 | D:3      | Reached XP level 5. HP: 33/33 MP: 5/5
  2255 | D:3      | Reached *** piety under Trog
  2659 | D:4      | Reached XP level 6. HP: 30/39 MP: 6/6
  2789 | D:4      | Found Dicyzuc's Antique Armour Shop.
  3244 | D:5      | Entered Level 5 of the Dungeon
  3372 | D:5      | Reached skill level 5 in Axes
  3380 | D:5      | Found a glowing golden altar of the Shining One.
  3382 | D:5      | Found a radiant altar of Vehumet.
  3382 | D:5      | Found a shimmering blue altar of Sif Muna.
  3383 | D:5      | Found a bloodstained altar of Trog.
  3383 | D:5      | Found a stormy altar of Qazlal.
  3384 | D:5      | Found a broken altar of Ashenzari.
  3384 | D:5      | Found a basalt altar of Yredelemnul.
  3385 | D:5      | Found an ornate altar of the Wu Jian Council.
  3416 | D:5      | Reached skill level 5 in Fighting
  3416 | D:5      | Reached XP level 7. HP: 31/44 MP: 7/7
  3523 | D:5      | Noticed a soldier ant
  3543 | D:5      | Found the +9 staff of Olgreb {rPois∞}
  3563 | D:5      | Noticed a soldier ant
  3563 | D:5      | Noticed a soldier ant
  3564 | D:5      | Found a runed translucent gate.
  3564 | D:5      | Noticed a soldier ant
  3565 | D:5      | Found a runed translucent door.
  3566 | D:5      | Noticed a soldier ant
  3568 | D:5      | Found a runed translucent gate.
  3578 | D:5      | Found a runed translucent gate.
  3586 | D:5      | Found a runed translucent door.
  3651 | D:5      | Reached **** piety under Trog
  4294 | D:6      | Found a staircase to the Ecumenical Temple.
  4310 | D:6      | Reached skill level 6 in Axes
  4310 | D:6      | Reached skill level 5 in Armour
  4313 | D:6      | Reached XP level 8. HP: 51/51 MP: 8/8
  4420 | D:6      | Found a shimmering blue altar of Sif Muna.
  4527 | D:6      | Found Qaryu's Jewellery Shop.
  4983 | D:7      | Reached skill level 7 in Axes
  5372 | D:7      | Reached ***** piety under Trog
  5682 | D:7      | Reached XP level 9. HP: 55/56 MP: 9/9
  5738 | D:8      | Reached skill level 8 in Axes
  5886 | D:8      | Noticed a kobold demonologist
  5889 | D:8      | Noticed an orange demon
  5890 | D:8      | Noticed an ice devil
  5892 | D:8      | Noticed a red devil
  5899 | D:8      | Killed a kobold demonologist
  6384 | D:9      | Received a gift from Trog
  6412 | D:9      | Found a staircase to the Orcish Mines.
  6443 | D:9      | Reached skill level 9 in Axes
  6644 | D:9      | Reached XP level 10. HP: 64/64 MP: 10/10
  6853 | D:9      | Found Qilugutt's Book Shoppe.
  6949 | D:10     | Entered Level 10 of the Dungeon
  7286 | D:10     | Reached skill level 10 in Axes
  7384 | D:10     | Noticed Nergalle
  7404 | D:10     | Killed Nergalle
  7593 | D:10     | Found a roughly hewn altar of Beogh.
  7601 | D:10     | Found Yfriun's Book Shop.
  7629 | D:10     | Received a gift from Trog
  7821 | D:11     | Found a staircase to the Lair.
  7826 | D:11     | Noticed a cyclops
  7828 | D:11     | Reached skill level 11 in Axes
  7889 | D:11     | Noticed a four-headed hydra
  7894 | D:11     | Killed a one-headed hydra
  7894 | D:11     | Reached skill level 10 in Fighting
  7894 | D:11     | Reached XP level 11. HP: 68/72 MP: 11/11
  7931 | D:11     | Found a frozen archway.
  7976 | IceCv    | Entered an ice cave
  7976 | IceCv    | Noticed a white ugly thing
  7990 | IceCv    | Killed a white ugly thing
  7994 | IceCv    | Found a transporter.
  8012 | IceCv    | Noticed a white ugly thing
  8014 | IceCv    | Found a transporter.
  8021 | IceCv    | Killed a white ugly thing
  8021 | IceCv    | Reached skill level 12 in Axes
  8037 | IceCv    | Got a fine chain mail
  8054 | IceCv    | Identified the cursed +1 chain mail of Queps {rC+ rN+ Str+2
                  | Stlth+} (You found it in an ice cave)
  8173 | D:11     | Found a shimmering altar of Xom.
  8234 | D:11     | Killed a cyclops
  8391 | D:11     | Identified the Reference Book on the Unstable Frostbite
  8511 | D:11     | Noticed a two-headed ogre
  8519 | D:11     | Killed a two-headed ogre
  8589 | D:11     | Noticed Josephine
  8603 | D:11     | Killed Josephine
  8603 | D:11     | Reached skill level 13 in Axes
  8605 | D:11     | Received a gift from Trog
  8823 | D:12     | Reached XP level 12. HP: 78/80 MP: 12/12
  8843 | D:12     | Noticed Snorg
  8853 | D:12     | Killed Snorg
  8853 | D:12     | Reached skill level 1 in Evocations
  8893 | D:12     | Noticed a death knight
  8909 | D:12     | Killed a death knight
  9135 | D:12     | Found a runed translucent door.
  9159 | D:12     | Found a runed translucent door.
  9176 | D:12     | Found a runed translucent door.
  9198 | D:12     | Noticed a fire dragon
  9312 | D:12     | Killed a fire dragon
  9343 | D:12     | Found a runed translucent door.
  9343 | D:12     | Noticed a boulder beetle
  9354 | D:12     | Killed a boulder beetle
 10208 | D:13     | Noticed a two-headed ogre
 10219 | D:12     | Killed a two-headed ogre
 10238 | D:13     | Got an ebony flail
 10336 | Lair:1   | Entered Level 1 of the Lair of Beasts
 10379 | Lair:1   | Reached XP level 13. HP: 86/86 MP: 13/13
 10581 | Lair:1   | Identified the +7 flail "Bacoib" {flame, *Noise Int+2
                  | Dex+4} (You found it on level 13 of the Dungeon)
 10615 | Lair:1   | Reached skill level 14 in Axes
 11159 | Lair:2   | Reached ****** piety under Trog
 11169 | Lair:2   | Received a gift from Trog
 12012 | Lair:3   | Reached skill level 10 in Armour
 12012 | Lair:3   | Reached skill level 5 in Evocations
 12041 | Lair:3   | Found a staircase to the Shoals.
 12837 | Lair:4   | Reached skill level 15 in Axes
 12919 | Lair:4   | Found a gate leading to a gauntlet.
 12928 | Gauntlet | Entered a Gauntlet
 12928 | Gauntlet | Found a transporter.
 12937 | Gauntlet | Found a transporter.
 12939 | Gauntlet | Found a transporter.
 12940 | Gauntlet | Found a transporter.
 12951 | Gauntlet | Found a transporter.
 12951 | Gauntlet | Found a transporter.
 12952 | Gauntlet | Found a transporter.
 12963 | Gauntlet | Found a transporter.
 12964 | Gauntlet | Found a transporter.
 12968 | Gauntlet | Found a transporter.
 12972 | Gauntlet | Found a transporter.
 12975 | Gauntlet | Found a transporter.
 12976 | Gauntlet | Found a transporter.
 13060 | Gauntlet | Reached skill level 1 in Shields
 13060 | Gauntlet | Gained mutation: Your large and strong wings let you fly
                  | indefinitely. [Gargoyle growth]
 13060 | Gauntlet | Reached XP level 14. HP: 21/94 MP: 14/14
 13331 | Gauntlet | Found a transporter.
 13440 | Gauntlet | Identified Riorao's Papyrus of the Unstable Rocks
 13472 | Lair:4   | Received a gift from Trog
 13920 | Lair:4   | Found a hole to the Spider Nest.
 14763 | Lair:6   | Entered Level 6 of the Lair of Beasts
 14783 | Lair:6   | Reached skill level 16 in Axes
 14820 | Lair:6   | Found an ancient bone altar of Kikubaaqudgha.
 15100 | Lair:6   | Found a viscous altar of Jiyva.
 15100 | Lair:6   | Found a staircase to the Slime Pits.
 15743 | Lair:6   | Reached XP level 15. HP: 101/101 MP: 15/15
 15807 | Lair:6   | Received a gift from Trog
 16210 | Orc:1    | Entered Level 1 of the Orcish Mines
 16502 | Orc:1    | Found a roughly hewn altar of Beogh.
 16745 | Orc:2    | Entered Level 2 of the Orcish Mines
 16942 | Orc:2    | Slain by an orc knight

Illustrated notes

Levels and vault maps discovered:
D:1:      psy_arrival_whirlpool, layout_basic
D:2:      layout_loops_ring, grunt_ministairs_14
D:3:      layout_rooms, uniq_terence
D:4:      layout_basic, serial_shops, shop
D:5:      layout_rooms, grunt_temple_overflow_open,
          minmay_guarded_unrand_staff_of_olgreb
D:6:      layout_basic, minmay_temple_entry_junction_2, serial_shops,
          kennysheep_little_box, tgw_sif
D:7:      layout_gridville, minmay_hedge_maze
D:8:      layout_basic, st_stairs_10, kennysheep_generic_room_8
D:9:      minmay_flawed_box, layout_loops_ring, david_orc_3, serial_shops,
          nicolae_shop_behind_doors
D:10:     layout_basic, serial_shops, shop_fountains, special_room
          [special_room_orc], uniq_nergalle
D:11:     layout_rooms, erik_lair_orcish_takeover, basic_altar,
          portal_ice_cave_entry_imps, hangedman_incinerator, uniq_josephine
D:12:     minmay_outward_triangles, layout_rooms, minmay_statue_crystal_thing,
          uniq_snorg
D:13:     layout_gridville, grunt_vaults_entry_fortified, onia_ninara_cookie
Lair:1:   layout_regular_city
Lair:2:   layout_cave_pods, nicolae_quartered_pool_little
Lair:3:   layout_gridlike, minmay_shoals_entry_beasts
Lair:4:   wander_river, layout_regular_city, spider_nest_entry_web_field,
          gauntlet_entry_generic, infiniplex_staircase_pool_2,
          lemuel_fruit_fields
Lair:5:   layout_roguey, special_room [special_room_bee]
Lair:6:   grunt_lair_end_beastmaster, layout_cave_pods, slime_altar_1,
          lemuel_centaur_altar, grunt_megastairs_1
Orc:1:    layout_caves, mines1_david, uniq_harold
Orc:2:    st_orc_congregation, layout_caves

Skill      XL: |  1  2  3  4  5  6  7  8  9 10 11 12 13 14 |
---------------+-------------------------------------------+-----
Axes           | 3 4 5 6 7 9 11 13 15 16 | 16.9
Dodging        | 2 4 |  4.0
Armour         | 3 4 5 6 7 8 9 10 | 10.0
Fighting       | 4 5 6 8 10 11 12 13 14 | 14.7
Evocations     | 3 6 |  6.8
Shields        | 1 4 |  4.0

Action                   |  1- 3 |  4- 6 |  7- 9 | 10-12 | 13-15 || total
-------------------------+-------+-------+-------+-------+-------++-------
Melee: Hand axe          |   162 |   287 |   125 |       |       ||   574
       War axe           |       |       |   287 |       |       ||   287
       Battleaxe         |       |       |    24 |   417 |    61 ||   502
       Broad axe         |       |       |       |       |   899 ||   899
Invok: Berserk           |       |     3 |     8 |    12 |     9 ||    32
       Trog's Hand       |       |       |     1 |     6 |     9 ||    16
       Brothers in Arms  |       |       |       |       |     1 ||     1
 Abil: Fly               |       |       |       |       |     1 ||     1
Evoke: Wand              |       |       |     1 |       |       ||     1
  Use: Scroll            |       |       |     1 |    15 |    13 ||    29
 Stab: Petrified         |       |       |       |       |    18 ||    18
       Petrifying        |       |       |       |       |     1 ||     1
Armor: Animal skin       |    41 |       |       |       |       ||    41
       Scale mail        |    33 |   174 |    28 |       |       ||   235
       Chain mail        |       |       |   168 |       |       ||   168
       Plate armour      |       |       |   211 |   335 |   622 ||  1168
Dodge: Dodged            |   120 |   194 |   217 |   196 |   644 ||  1371
       Repelled          |       |       |     3 |     7 |     9 ||    19
Block: Buckler           |       |       |       |       |    19 ||    19

Table legend: (Time is in decaauts)
 A = Elapsed time spent in this place.
 B = Non-inter-level travel time spent in this place.
 C = Inter-level travel time spent in this place.
 D = Time resting spent in this place.
 E = Time spent auto-exploring this place.
 F = Levels seen in this place.
 G = Mean time per level.
                   A        B        C        D        E       F      G
               +--------+--------+--------+--------+--------+-----+--------+
         Total |  17190 |  16031 |   1159 |    258 |  11250 |  23 |  747.4 |
       Dungeon |  10567 |   9644 |    923 |     72 |   6944 |  13 |  812.8 |
          Lair |   5203 |   4979 |    224 |     26 |   3841 |   6 |  867.2 |
  Orcish Mines |    706 |    695 |     11 |      0 |    463 |   2 |  353.0 |
      Ice Cave |    181 |    181 |      0 |     58 |      0 |   1 |  181.0 |
      Gauntlet |    530 |    530 |      0 |    102 |      2 |   1 |  530.0 |
               +--------+--------+--------+--------+--------+-----+--------+

Top non-repeatable levels by time:
  Lair:6: 1255 daAuts
    D:12: 1128 daAuts
  Lair:2: 1019 daAuts
    D:10: 1012 daAuts
     D:5: 1012 daAuts
     D:2: 1004 daAuts
     D:7: 940 daAuts
    D:11: 837 daAuts
     D:1: 811 daAuts
  Lair:3: 801 daAuts
     D:9: 797 daAuts
     D:3: 787 daAuts
     D:6: 734 daAuts
  Lair:4: 731 daAuts
  Lair:5: 730 daAuts
